 Dungeon Crawl Stone Soup version 0.27.0-1-g7a089689b8 (webtiles) character file.

Game seed: 1959243015344796408

179 MajorAdolf the Stinger (level 5, 0/49 HPs)
             Began as a Naga Wanderer on Aug 10, 2021.
             Slain by an orc priest (1 damage)
             ... on level 3 of the Dungeon.
             The game lasted 00:09:02 (3526 turns).

MajorAdolf the Stinger (Naga Wanderer)              Turns: 3526, Time: 00:09:02

Health: 0/49       AC:  5    Str: 14    XL:     5   Next: 59%
Magic:  0/7        EV:  9    Int: 11    God:
Gold:   64         SH:  0    Dex: 13    Spells: 3/7 levels left

rFire    . . .     SeeInvis +   f - +0 dagger
rCold    . . .     Faith    .   (no shield)
rNeg     . . .     Spirit   .   c - +0 robe
rPois    +         Reflect  .   (no helmet)
rElec    .         Harm     .   (no cloak)
rCorr    .         Rampage  .   j - +2 pair of gloves
Will     .....                  (no barding)
Stlth    +.........             (no amulet)
HPRegen  0.16/turn              (no ring)
MPRegen  0.10/turn              (no ring)

@: short of breath, very slightly contaminated, very slow
A: AC +1, large, see invisible, deformed body, poison resistance, slowness 2,
spit poison 1, naga tail 1
a: Spit Poison


You were on level 3 of the Dungeon.
You visited 1 branch of the dungeon, and saw 3 of its levels.

You collected 64 gold pieces.

Inventory:

Hand Weapons
 a - a +0 mace
 f - a +0 dagger (weapon)
Missiles
 i - 2 curare-tipped darts
Armour
 c - a +0 robe (worn)
 j - a +2 pair of gloves (worn)
Scrolls
 e - 5 scrolls of identify
 g - a scroll of teleportation
 k - a scroll of vulnerability {unknown}
 m - a scroll of fog {unknown}
Potions
 d - 2 potions of curing
 l - 2 potions of might {unknown}
Miscellaneous
 b - a piece from Xom's chessboard (15/15)


   Skills:
 - Level 3.0 Fighting
 - Level 3.6 Bows
 - Level 1.0 Armour
 + Level 1.7 Spellcasting
 + Level 1.4 Conjurations
 - Level 1.0 Translocations
 + Level 1.4 Air Magic
 + Level 4.0 Poison Magic
 - Level 2.0 Evocations


You had 3 spell levels left.
You knew the following spells:

 Your Spells              Type           Power      Damage    Failure   Level
a - Sting                 Tmut/Pois      20%        1d4       13%         1
b - Mephitic Cloud        Conj/Pois/Air  6%         N/A       34%         3

Your spell library contained the following spells:

 Spells                   Type           Power      Damage    Failure   Level
 Poisonous Vapours        Pois/Air       14%        N/A       14%         2
 Portal Projectile        Hex/Tloc       4%         N/A       58%         3
 Call Canine Familiar     Summ           0%         N/A       65%         3
 Olgreb's Toxic Radiance  Pois           9%         N/A       50%         4
 Leda's Liquefaction      Hex/Erth       0%         N/A       96%         4


Dungeon Overview and Level Annotations

Branches:
Dungeon (3/15)

Altars:


Innate Abilities, Weirdness & Mutations

Your serpentine skin is tough. (AC +1)
You have supernaturally acute eyesight. (SInv)
Armour fits poorly on your strangely shaped body.
Your system is resistant to poisons. (rPois)
You cover ground very slowly.
You can spit poison.
You have a snake-like lower body.


Message History

You barely miss the orc priest.
The orc priest is severely wounded.
The ball python bites you but does no damage.
The orc priest hits you but does no damage.
You hit the orc priest but do no damage.
The orc priest is severely wounded.
You have got your breath back.
The ball python barely misses you. The orc priest closely misses you.
Your magical contamination has completely faded away.
Casting: Sting (safe; 13% risk of failure)
Confirm with . or Enter, or press ? or * to list all spells.
You don't have enough magic to cast this spell.
Unknown command.
You closely miss the orc priest.
The orc priest is severely wounded.
The ball python barely misses you. The orc priest closely misses you.
Press: ? - help, Shift-Dir - straight line, f/p - orc priest
Aim: an orc priest, wielding a +0 dagger (severely wounded, poisoned)
The splash of poison misses the orc priest.
The ball python closely misses you. The ball python bites you.
The orc priest invokes the aid of Beogh against you.
Beogh smites you!
* * * LOW HITPOINT WARNING * * *
You hit the orc priest but do no damage.
The orc priest is severely wounded.
The ball python barely misses you.
The orc priest invokes the aid of Beogh against you.
Beogh smites you!
* * * LOW HITPOINT WARNING * * *
Casting: Sting (safe; 13% risk of failure)
Confirm with . or Enter, or press ? or * to list all spells.
Aiming: Sting (safe; 13% risk of failure)
Press: ? - help, Shift-Dir - straight line, f/p - orc priest
Aim: an orc priest, wielding a +0 dagger (severely wounded, poisoned, 68% to hit)
You miscast Sting.
You are very lightly contaminated with residual magic.
Nothing appears to happen.
The ball python bites you.
* * * LOW HITPOINT WARNING * * *
The orc priest hits you with a +0 dagger.
You die...

,,,,,,......,.##....,*,,,,,,,,,,,
**,,,,......*,.....,,,,*...,,,,,,
**,,,,......###...#**,......,,,,,
*,,*,,.#.....,....# *,.....>,,,,,
,,,≈≈≈≈≈.....###..###,....#******
,*≈≈≈≈≈≈≈#o.So.)....##....#
,,≈≈≈≈≈≈≈...#####.(.......### **
,,≈≈≈∩≈≈≈..,**###)......#...## *,
,≈≈≈≈≈≈≈≈o,,,*#.@S...........##*.
,*≈≈≈≈≈≈≈*,,,,#.#o...$........##.
,,,≈≈≈≈≈,,,,,,#.###.#............
,,,*≈,S*,,,,,,..#......#.........
,,,,,,,,,,,,,..................#.
,,**,,,,,,,,.......#.#####.#.....
,,***,,,,,,........#.# #......#
,,***,,,,,...........#* ####....
,***,,,,,,,,,........,** ##..†


You could see an orc priest (poisoned) and a ball python.

Vanquished Creatures
  A centaur skeleton (D:3)
  An orc wizard (D:3)
  2 adders (D:2)
  4 gnolls (D:2)
  2 worms (D:2)
  2 dart slugs
  3 orcs
  5 ball pythons
  4 bats
  7 endoplasms
  2 giant cockroaches (D:1)
  5 goblins
  3 hobgoblins
  4 jackals (D:1)
  3 quokkas
  4 frilled lizards
  4 kobolds
  2 rats (D:1)
58 creatures vanquished.

Notes
Turn   | Place    | Note
-------+----------+-------------------------------------------
     0 | D:1      | MajorAdolf the Naga Wanderer began the quest for the Orb.
     0 | D:1      | MajorAdolf set off with the following items: a +0 mace, a
                  | piece from Xom's chessboard (15/15), a +0 robe; and the
                  | following spell memorised: Sting; and the following spells
                  | available to memorise: Poisonous Vapours, Mephitic Cloud,
                  | Olgreb's Toxic Radiance
     0 | D:1      | Reached XP level 1. HP: 15/15 MP: 1/1
   144 | D:1      | Reached skill level 1 in Fighting
   273 | D:1      | Reached XP level 2. HP: 19/25 MP: 2/2
  1044 | D:1      | Reached XP level 3. HP: 33/33 MP: 3/3
  1102 | D:1      | You fall into a shaft and drop 1 floor!
  1874 | D:2      | Reached skill level 3 in Poison Magic
  2077 | D:2      | Reached XP level 4. HP: 42/42 MP: 0/5
  2135 | D:2      | Learned a level 3 spell: Mephitic Cloud
  2191 | D:2      | Reached skill level 1 in Spellcasting
  3266 | D:2      | Reached XP level 5. HP: 31/49 MP: 1/7
  3433 | D:3      | Reached skill level 1 in Conjurations
  3473 | D:3      | Reached skill level 1 in Air Magic
  3482 | D:3      | Reached skill level 4 in Poison Magic
  3526 | D:3      | HP: 1/49 [ball python (3)]
  3526 | D:3      | Slain by an orc priest

Illustrated notes

Levels and vault maps discovered:
D:1:      heliophobic_arrival_battle_scene, layout_rooms
D:2:      layout_loops_corners
D:3:      minmay_chambers_of_twos, layout_rooms,
          nicolae_elyvilon_peaceful_grove, basic_ecumenical_altar,
          cheibrodos_sewer_entry_drain, minmay_misc_feat_plants,
          chequers_serial_rivers_micro_d

Skill      XL: |  1  2  3  4  5 |
---------------+----------------+-----
Fighting       | 1 2 3 |  3.0
Poison Magic   | 3 4 |  4.0
Spellcasting   | 1 |  1.7
Conjurations   | 1 |  1.4
Air Magic      | 1 |  1.4
Bows           | |  3.6
Armour         | |  1.0
Translocations | |  1.0
Evocations     | |  2.0

Action                   |  1- 3 |  4- 6 || total
-------------------------+-------+-------++-------
Melee: Mace              |    31 |       ||    31
       Dagger            |    48 |    55 ||   103
 Cast: Sting             |    21 |    36 ||    57
 Abil: Spit Poison       |    26 |    11 ||    37
  Use: Scroll            |       |     3 ||     3
 Stab: Sleeping          |     1 |       ||     1
Armor: Robe              |    21 |    57 ||    78
Dodge: Dodged            |    43 |    61 ||   104
